 Dungeon Crawl Stone Soup version 0.19.4-10-g532645f (webtiles) character file.

1042 Rrauwl the Covered (level 8, -3/72 HPs)
             Began as a Deep Dwarf Fighter on Feb 25, 2017.
             Killed by nerve-wracking pain
             ... invoked by an orc priest
              (7 damage)
             ... on level 5 of the Dungeon.
             The game lasted 00:21:32 (3132 turns).

Rrauwl the Covered (Deep Dwarf Fighter)             Turns: 3132, Time: 00:21:33

Health: -3/72      AC:  7    Str: 26    XL:     8   Next: 4%
Magic:  20/20      EV:  9    Int: 10    God:
Gold:   273        SH: 10    Dex: 12    Spells: 0 memorised, 11 levels left

rFire  . . .     SeeInvis .     a - +1 war axe
rCold  . . .     Gourm    .     b - +0 scale mail
rNeg   . . .     Faith    .     c - +0 shield
rPois  .         Spirit   .     (no helmet)
rElec  .         Reflect  .     (no cloak)
rCorr  .         Harm     .     (no gloves)
MR     +....                    (no boots)
Stlth  ++........               (no amulet)
                                r - ring of stealth
                                h - ring of magical power

@: mighty, non-regenerating
A: damage resistance, recharge devices, sense surroundings 1, slow regeneration
3
a: Device Recharging


You were on level 5 of the Dungeon.
You were not hungry.

You visited 1 branch of the dungeon, and saw 5 of its levels.

You collected 273 gold pieces.

Inventory:

Hand Weapons
 a - a +1 war axe (weapon)
Armour
 b - a +0 scale mail (worn)
 c - a +0 shield (worn)
Jewellery
 h - a ring of magical power (left hand)
 r - a ring of stealth (right hand)
Wands
 e - a wand of heal wounds (0/9)
 i - a wand of lightning (8/15)
 t - a wand of paralysis (7/24)
Scrolls
 g - 6 scrolls of identify
 o - 2 scrolls of fear
 p - a scroll of teleportation
Potions
 d - a potion of might
 l - a potion of cancellation
Comestibles
 f - 5 bread rations
 j - 4 chunks of flesh
 k - a slice of pizza
 m - 2 fruits
 s - a beef jerky


   Skills:
 + Level 3.8 Fighting
 + Level 4.9 Axes
 + Level 5.5 Armour
 + Level 2.9 Dodging
 + Level 3.0 Stealth
 + Level 5.2 Shields
 + Level 2.1 Spellcasting
 - Level 3.1 Evocations


You had 11 spell levels left.
You didn't know any spells.

Dungeon Overview and Level Annotations

Branches:
Dungeon (5/15)
 Temple: D:4-7

Altars:
Elyvilon
Okawaru


Innate Abilities, Weirdness & Mutations

You are resistant to damage.
You can recharge devices by infusing magical energy.
You passively map a small area around you.
You do not regenerate.


Message History

You block the orc priest's attack.
You slash the orc priest!
You kill the orc priest!
Your Stealth skill increases to level 3!
You hit the orc. You block the orc's attack.
An orc and a zombie come into view.
You block the adder zombie's attack. The orc priest hits you.
* * * LOW HITPOINT WARNING * * *
The orc barely misses you.
You see here a hound corpse.
You hit the orc priest.
The orc priest is heavily wounded.
Your shield prevents you from hitting the orc.
You closely miss the adder zombie. The adder zombie barely misses you.
The orc priest hits you.
* * * LOW HITPOINT WARNING * * *
The adder zombie barely misses you. The orc closely misses you.
The orc priest calls down the wrath of Beogh upon you.
Pain shoots through your body!
You die...

* *, o.#+# #.#.#
####...#, *, ,
#......#,, ,, , ,
#......# ,* ,,,,
,, #......##+##*,
, , .#......#...#
, ,
......oZ#...##..
, ,
......#o@o.......
.....,##.#+#.....
#... , #.#.# ....
[.. , #.#.# ..$,
.., .. #...# .. ,
* ( )...##..#
*+## ,
....##..###.# , *
........>....#,
.....#.......# ,
,


You could see an orc priest, 2 orcs and an adder zombie.

Vanquished Creatures
  The ghost of Rrauwl the Cutter, a novice OpSk of Cheibriados (D:4)
  A phantom (D:5)
  An ogre (D:4)
  2 crimson imps
  4 hounds
  3 orc priests
  An orc wizard (D:4)
  Ijyb (D:3)
  An iguana (D:4)
  3 worker ants
  4 gnolls (D:4)
  3 adders
  An ooze (D:3)
  3 worms (D:3)
  3 dart slugs
  3 leopard geckos
  12 orcs
  11 bats
  4 giant cockroaches
  11 goblins
  6 hobgoblins
  2 jackals (D:1)
  4 kobolds
  A quokka (D:4)
  3 ball pythons
  6 frilled lizards
  13 rats
108 creatures vanquished.

Notes
Turn   | Place    | Note
-------+----------+-------------------------------------------
     0 | D:1      | Rrauwl the Deep Dwarf Fighter began the quest for the Orb.
     0 | D:1      | Reached XP level 1. HP: 20/20 MP: 1/1
    75 | D:1      | Reached XP level 2. HP: 27/27 MP: 2/2
   749 | D:1      | Reached XP level 3. HP: 29/33 MP: 3/3
  1367 | D:3      | Noticed Ijyb
  1369 | D:3      | Paralysed by Ijyb for 2 turns
  1372 | D:3      | Paralysed by Ijyb for 4 turns
  1380 | D:3      | Killed Ijyb
  1380 | D:3      | Reached XP level 4. HP: 25/40 MP: 4/4
  1781 | D:3      | Found an iron altar of Okawaru.
  1885 | D:3      | Reached skill level 1 in Evocations
  1936 | D:3      | Reached XP level 5. HP: 43/48 MP: 5/5
  2051 | D:3      | Found a white marble altar of Elyvilon.
  2181 | D:4      | Noticed Rrauwl's ghost (novice OpSk)
  2197 | D:4      | Killed Rrauwl's ghost
  2197 | D:4      | Reached skill level 5 in Armour
  2197 | D:4      | Reached skill level 1 in Dodging
  2197 | D:4      | Reached skill level 1 in Stealth
  2197 | D:4      | Reached skill level 1 in Spellcasting
  2197 | D:4      | Reached XP level 6. HP: 40/56 MP: 5/7
  2288 | D:4      | Reached XP level 7. HP: 37/62 MP: 9/9
  2989 | D:4      | Reached skill level 5 in Shields
  2999 | D:5      | Entered Level 5 of the Dungeon
  3124 | D:5      | Reached XP level 8. HP: 27/72 MP: 11/11
  3132 | D:5      | Killed from afar by an orc priest

Skill      XL: |  1  2  3  4  5  6  7  8 |
---------------+-------------------------+-----
Armour         | 4 5 |  5.5
Shields        | 4 5 |  5.2
Axes           | 3 4 |  4.9
Evocations     | 1 2 3 |  3.1
Fighting       | 3 |  3.8
Dodging        | 1 2 |  2.9
Stealth        | 1 2 3 |  3.0
Spellcasting   | 1 2 |  2.1

Action                   |  1- 3 |  4- 6 |  7- 9 || total
-------------------------+-------+-------+-------++-------
Melee: War axe           |   174 |   120 |   125 ||   419
Evoke: Wand              |       |     3 |     3 ||     6
  Use: Scroll            |     1 |     3 |     6 ||    10
       Potion            |       |     7 |     2 ||     9
 Stab: Sleeping          |       |       |     1 ||     1
  Eat: Chunk             |     2 |     3 |     3 ||     8
Armor: Scale mail        |    73 |    38 |    39 ||   150
Dodge: Dodged            |    45 |    35 |    45 ||   125
Block: Shield            |    81 |    51 |    67 ||   199
